 Dungeon Crawl Stone Soup version 0.31-a0-214-gb37851dbb3 (webtiles) character file.

Game seed: 13528339571735216455

135 BubbleThief the Grave Robber (level 4, -7/36 HPs)
             Began as a Demonspawn Necromancer on July 2, 2023.
             Mangled by an orc
             ... wielding a +0 morningstar
              (11 damage)
             ... on level 3 of the Dungeon.
             The game lasted 00:04:23 (2625 turns).

BubbleThief the Grave Robber (DsNe)                 Turns: 2625, Time: 00:04:23

Health: -7/36      AC:  4    Str:  8    XL:     4   Next: 96%
Magic:  1/7        EV: 12    Int: 22    God:
Gold:   171        SH:  0    Dex: 18    Spells: 6/7 levels left

rFire   . . .        c - +0 dagger
rCold   . . .        (no shield)
rNeg    . . .        o - +2 robe {Will+}
rPois   .            (no helmet)
rElec   .            (no cloak)
rCorr   .            (no gloves)
SInv    +            (no boots)
Will    +....        (no amulet)
Stlth   +++          d - +6 ring of intelligence
HPRegen 0.26/turn    h - ring of see invisible
MPRegen 0.10/turn

%: no passive effects
@: no status effects
A: thin skeletal structure 1
a: no special abilities


You were on level 3 of the Dungeon.
You visited 1 branch of the dungeon, and saw 3 of its levels.

You collected 171 gold pieces.

Inventory:

Hand Weapons
 c - a +0 dagger (weapon)
 p - a +1 vampiric spear
Armour
 m - a +0 buckler
 o - a +2 robe of willpower (worn)
 r - a +1 leather armour of fire resistance
Jewellery
 d - a +6 ring of intelligence (left hand)
 h - a ring of see invisible (right hand)
 l - an amulet of faith
Scrolls
 a - a scroll of vulnerability {unknown}
 f - a scroll of identify {unknown}
 g - 2 scrolls of poison {unknown}
 i - 2 scrolls of revelation {unknown}
 j - a scroll of enchant armour {unknown}
 q - 2 scrolls of immolation {unknown}
Potions
 b - 4 potions of magic
 e - a potion of brilliance {unknown}
 n - 2 potions of enlightenment {unknown}


   Skills:
 + Level 3.6 Fighting
 - Level 1.7 Dodging
 - Level 1.7 Stealth
 - Level 2.0 Spellcasting
 - Level 5.4 Necromancy


You had 6 spell levels left.
You knew the following spells:

 Your Spells              Type           Power      Damage    Failure   Level
a - Necrotise             Necr           100%       1d9       1%          1

Your spell library contained the following spells:

 Spells                   Type           Power      Damage    Failure   Level
 Vampiric Draining        Necr           26%        2d7       4%          3
 Animate Dead             Necr           26%        N/A       14%         4
 Agony                    Necr           26%        N/A       38%         5


Dungeon Overview and Level Annotations

Branches:
Dungeon (3/15)

Altars:


Innate Abilities, Weirdness & Mutations

You have a somewhat thin skeletal structure. (Dex +2, Stealth+)


Message History

Aim: an orc, wielding a +0 falchion (ally target, chance to affect: 93%)
The orc writhes in agony.
The orc closely misses you.
Unknown command.
Aiming: Necrotise (safe; 1% risk of failure)
Press: ? - help, Q - select action Shift-Dir - straight line, f/p - orc
Aim: an orc, wielding a +0 falchion (moderately wounded, ally target, chance to affect: 93%)
The orc barely resists.
The orc hits you but does no damage. The orc closely misses you.
Your orc wizard skeleton hits the orc but does no damage.
Aiming: Necrotise (safe; 1% risk of failure)
Press: ? - help, Q - select action Shift-Dir - straight line, f/p - orc
Aim: an orc, wielding a +0 falchion (moderately wounded, ally target, chance to affect: 93%)
The orc writhes in agony.
The orc closely misses you.
The orc hits you from afar with a +0 trident.
You hit the orc.
You kill the orc!
The orc hits you with a +0 morningstar!
The orc hits you from afar with a +0 trident.
Your orc wizard skeleton barely misses the orc.
You are too injured to fight recklessly!
Unknown command.
Unknown command.
Press: ? - help, v - describe, . - travel
Here: an orc, wielding a +0 morningstar and wearing a +0 chain mail (ally target)
The floor, spattered with blood.
Unknown command.
You hit the orc but do no damage. The orc hits you with a +0 morningstar.
The orc hits you from afar with a +0 trident!
* * * LOW HITPOINT WARNING * * *
Unknown command.
You hit the orc.
The orc is heavily wounded.
The orc hits you but does no damage. The orc closely misses you.
Your orc wizard skeleton hits the orc but does no damage.
You closely miss the orc.
The orc is heavily wounded.
The orc hits you with a +0 morningstar!
You die...

...........#
...........
...........#
.......... ..
...........# #... ..
...........# #... ..
........#### # ###.
.. ###....Z# .#
######. .. #.....#
(.# #...... ..
#.....####...#
#.####. ..
#......@oZ...#####.#
#. ..
#.....###o...#.....#
#. ## #######
#.)..#....## .. #
#....#....# .. #
##....#....###... #
.................
############
##...#.#########
...........#
#....>.........
##########.#
####################


You could see 2 orcs and a friendly orc wizard skeleton.

Vanquished Creatures
  An orc wizard (D:3)
  5 adders
  2 dart slugs
  2 orcs (D:3)
  4 bats
  6 endoplasms
  A giant cockroach (D:2)
  3 hobgoblins
  5 jackals
  A quokka (D:3)
  11 ball pythons
  3 frilled lizards
  8 goblins
  4 kobolds
  A rat (D:1)
57 creatures vanquished.

Vanquished Creatures (collateral kills)
  A jackal (D:3)
  A kobold (D:1)
2 creatures vanquished.

Grand Total: 59 creatures vanquished

Notes
Turn   | Place    | Note
-------+----------+-------------------------------------------
     0 | D:1      | BubbleThief the Demonspawn Necromancer began the quest for
                  | the Orb.
     0 | D:1      | Reached XP level 1. HP: 13/13 MP: 3/3
   128 | D:1      | Gained mutation: You have a somewhat thin skeletal
                  | structure. (Dex +2, Stealth+) [demonic ancestry]
   128 | D:1      | Reached XP level 2. HP: 19/19 MP: 0/5
   309 | D:1      | Reached skill level 5 in Necromancy
  1104 | D:2      | Reached XP level 3. HP: 24/24 MP: 4/6
  1181 | D:2      | Reached skill level 1 in Fighting
  1358 | D:2      | Found a faded altar of an unknown god.
  1595 | D:2      | Reached XP level 4. HP: 33/33 MP: 4/7
  2625 | D:3      | Mangled by an orc

Illustrated notes

Levels and vault maps discovered:
D:1:      dpeg_arrival_leaves_temple_mockup, layout_basic
D:2:      layout_rooms, nicolae_ecumenical_oubliette, st_stairs_11,
          grunt_decor_cap
D:3:      layout_basic, zin_academy, serial_bayou_pond_c, eino_tiny_chamber

Skill      XL: |  1  2  3  4 |
---------------+-------------+-----
Necromancy     | 5 |  5.4
Fighting       | 2 3 |  3.6
Dodging        | |  1.7
Stealth        | |  1.7
Spellcasting   | |  2.0

Action                     |  1- 3 |  4- 6 || total
---------------------------+-------+-------++-------
  Melee: Unarmed           |     2 |       ||     2
         Dagger            |     7 |     4 ||    11
   Cast: Necrotise         |    60 |    35 ||    95
 Armour: Robe              |     5 |     3 ||     8
  Dodge: Dodged            |    22 |     9 ||    31

Table legend: (Time is in decaauts)
 A = Elapsed time spent in this place.
 B = Non-inter-level travel time spent in this place.
 C = Inter-level travel time spent in this place.
 D = Time resting spent in this place.
 E = Time spent auto-exploring this place.
 F = Levels seen in this place.
 G = Mean time per level.
                   A        B        C        D        E       F      G
               +--------+--------+--------+--------+--------+-----+--------+
         Total |   2628 |   2451 |    177 |      0 |   2085 |   3 |  876.0 |
       Dungeon |   2628 |   2451 |    177 |      0 |   2085 |   3 |  876.0 |
               +--------+--------+--------+--------+--------+-----+--------+

Top non-repeatable levels by time:
     D:1: 1146 daAuts
     D:2: 837 daAuts
     D:3: 645 daAuts
